AoeStats
← Chiripa605

Lombardia

507820339Analyzed
3v3 RM · 12d ago on Sep 19, 2026· 43m 51s· 6 players
Game mode
Random Map
Map size
Normal (6 player)
Population
200
Speed
Normal
Resources
Standard
Victory
Conquest
Starting age
Dark Age
Ending age
Imperial Age
RankedLock teamsTeams togetherTeam positionsShared explorationLock speedFull tech treeHidden civsTurbo modeCheats
Victory
Defeat
🇳🇱 Mongols · Netherlands
1448
+10
🇲🇽 Romans · Mexico
1408
+11
🇺🇸 Hindustanis · United States
1340
+13
🇨🇿 Vietnamese · Czechia
1313
-12
🇬🇧 Armenians · United Kingdom
1291
-11
🇨🇿 Poles · Czechia
1287
-11
eL| Barry_Allen
7:41 Loom
9:55 Feudal Age
10:10 Man-at-Arms
12:47 Scale Mail Armor
12:33 Horse Collar
13:56 Forging
20:18 Castle Age
20:13 Stone Mining
20:17 Gold Mining
21:14 Double-Bit Axe
22:41 Wheelbarrow
22:09 Heavy Plow
22:23 Bow Saw
24:01 Town Watch
25:56 Hand Cart
27:27 Ballistics
31:39 Imperial Age
29:28 Pikeman
30:09 Squires
30:47 Chain Mail Armor
31:49 Heavy Scorpion
33:33 Chemistry
32:44 Siege Engineers
33:14 Crop Rotation
33:22 Gold Shaft Mining
33:07 Halberdier
34:30 Iron Casting
34:25 Ballistas
35:27 Conscription
35:56 Capped Ram
36:54 Siege Ram
Chiripa605
7:02 Loom
9:28 Feudal Age
10:00 Double-Bit Axe
10:53 Horse Collar
21:44 Castle Age
20:48 Bloodlines
20:41 Gold Mining
22:46 Bow Saw
23:32 Heavy Plow
25:00 Husbandry
26:11 Wheelbarrow
27:48 Gold Shaft Mining
28:29 Hand Cart
29:12 Stone Mining
33:52 Imperial Age
34:04 Scale Barding Armor
35:39 Two-Man Saw
34:05 Heavy Camel Rider
35:34 Chain Barding Armor
35:26 Forging
35:15 Town Watch
36:42 Chemistry
36:50 Plate Barding Armor
36:53 Iron Casting
36:26 Imperial Camel Rider
37:45 Conscription
39:56 Blast Furnace
40:14 Grand Trunk Road
40:50 Hoardings
41:00 Squires
40:47 Arson
41:05 Scale Mail Armor
42:28 Chain Mail Armor
42:55 Elite Ghulam
Rien
9:37 Feudal Age
9:33 Loom
10:20 Double-Bit Axe
10:42 Horse Collar
15:45 Forging
21:07 Castle Age
19:57 Bloodlines
20:15 Stone Mining
21:14 Gold Mining
23:03 Wheelbarrow
22:40 Bow Saw
23:31 Husbandry
26:35 Heavy Plow
26:29 Fletching
26:40 Padded Archer Armor
26:44 Town Watch
28:25 Gold Shaft Mining
30:57 Hand Cart
30:46 Town Patrol
31:30 Leather Archer Armor
31:12 Bodkin Arrow
31:41 Ballistics
32:59 Stone Shaft Mining
32:42 Thumb Ring
33:05 Leather Archer Armor
33:26 Nomads
37:56 Imperial Age
39:03 Masonry
39:20 Bracer
40:10 Conscription
40:35 Conscription
40:57 Hoardings
41:17 Parthian Tactics
42:04 Light Cavalry
42:21 Elite Mangudai
44:29 Scale Barding Armor
44:59 Iron Casting
somaster94
11:22 Feudal Age
12:40 Gold Mining
12:45 Loom
13:52 Town Watch
16:19 Castle Age
17:34 Scale Barding Armor
23:24 Double-Bit Axe
23:45 Horse Collar
27:48 Wheelbarrow
28:34 Town Watch
30:50 Bow Saw
30:36 Gold Mining
35:53 Imperial Age
33:26 Scale Mail Armor
33:37 Forging
33:11 Man-at-Arms
33:36 Gambesons
34:42 Chain Mail Armor
34:38 Forging
34:33 Long Swordsman
34:59 Gambesons
35:15 Squires
35:51 Fletching
36:02 Padded Archer Armor
35:49 Two-Handed Swordsman
37:13 Bodkin Arrow
37:45 Ballistics
36:51 Champion
39:00 Plate Mail Armor
38:52 Bracer
38:50 Pikeman
41:03 Conscription
40:31 Halberdier
41:40 Heavy Plow
42:17 Gold Shaft Mining
42:30 Leather Archer Armor
pavifa
5:01 Loom
10:16 Feudal Age
10:57 Double-Bit Axe
15:47 Forging
21:40 Horse Collar
23:16 Wheelbarrow
22:38 Gold Mining
26:43 Castle Age
24:50 Stone Mining
28:39 Iron Casting
28:55 Szlachta Privileges
28:59 Scale Barding Armor
29:06 Bloodlines
28:56 Husbandry
30:30 Heavy Plow
32:29 Chain Barding Armor
38:05 Hand Cart
39:56 Town Watch
44:16 Imperial Age
44:24 Imperial Age
42:21 Town Watch
43:11 Scale Mail Armor
Kaer Morhen
2:02 Loom
10:51 Feudal Age
17:10 Castle Age
15:37 Double-Bit Axe
15:56 Horse Collar
18:48 Fletching
24:02 Bodkin Arrow
27:09 Wheelbarrow
26:54 Scale Mail Armor
27:31 Heavy Plow
28:11 Bow Saw
27:56 Town Watch
29:33 Hand Cart
29:46 Pikeman
30:29 Padded Archer Armor
32:53 Chain Mail Armor
32:54 Leather Archer Armor
32:50 Forging
36:25 Imperial Age
35:18 Ballistics
36:10 Iron Casting
38:13 Chemistry
37:20 Siege Engineers
Connection lost

Rejoining the realm…

Still unreachable

The connection could not be restored.

Session expired

The server has moved on; the page needs a fresh start.